 Dungeon Crawl Stone Soup version 0.30.1-9-gdf580d7c3d (webtiles) character file.

Game seed: 7234443489008569149

2029735 LordWeiramon the Annihilator (level 27, 227/227 HPs)
             Began as a Demonspawn Wanderer on Oct 8, 2023.
             Was the Champion of Vehumet.
             Escaped with the Orb
             ... and 4 runes!
             The game lasted 06:48:17 (89264 turns).

LordWeiramon the Annihilator (Demonspawn Wanderer) Turns: 89264, Time: 06:48:17

Health: 227/227    AC: 31    Str: 20    XL:     27
Magic:  42/42      EV: 22    Int: 41    God:    Vehumet [******]
Gold:   5465       SH: 20    Dex: 23    Spells: 4/56 levels left

rFire   + + .        a - staff of conjuration "Uwoupet" {Int+5 Dex+3}
rCold   + . .        E - +5 kite shield {AC+3}
rNeg    + . .        K - +7 swamp dragon scales
rPois   +            Y - +2 hat {SInv}
rElec   +            (cloak unavailable)
rCorr   .            L - +4 pair of gloves "Litsing" {*Slow +Inv rF++ Str+3}
SInv    +            U - +2 pair of boots of the Evening {Int+2}
Will    +++..        X - amulet "Xakueho" {RegenMP Contam Int+6 Dex+5}
Stlth   +            f - ring of protection from cold
HPRegen 0.57/turn    z - ring of Dishonour {rElec rPois rN+ Dex-3}
MPRegen 0.68/turn

%: slow self (1%), wizardry (x1)
@: studying 3 skills
A: hurl damnation, powered by pain 3, spiny 3, torment resistance 1, big brain
3, demonic willpower, weakness stinger 3, talons 1, agile 1, robust 1, screaming
1, strong 1, no potion heal 1, subdued magic 1, inability to drink after injury
1
0: Orb of Zot
}: 4/15 runes: decaying, slimy, silver, gossamer
a: Hurl Damnation, Renounce Religion, Evoke Invisibility


You escaped.
You worshipped Vehumet.
Vehumet was exalted by your worship.
You visited 11 branches of the dungeon, and saw 53 of its levels.
You also visited: Sewer, Gauntlet, Ice Cave and Volcano.

You collected 9118 gold pieces.
You spent 3653 gold pieces at shops.

Inventory:

Missiles
 p - 2 throwing nets (quivered)
Armour
 E - a +5 kite shield of protection (worn)
 K - +7 swamp dragon scales (worn)
 L - the +4 pair of gloves "Litsing" (worn) {*Slow +Inv rF++ Str+3}
   (You bought it in a shop on level 2 of the Orcish Mines)

   Str:       It affects your strength (+3).
   rF:        It greatly protects you from fire.
   +Inv:      It lets you turn invisible.
   *Slow:     It may slow you when you take damage.
 U - the +2 pair of boots of the Evening (worn) {Int+2}
   (You found it on level 5 of the Vaults)

   Int:       It affects your intelligence (+2).
 Y - a +2 hat of see invisible (worn)
Magical Staves
 a - the staff of conjuration "Uwoupet" (weapon) {Int+5 Dex+3}
   (You found it on level 5 of the Vaults)

   [staff of conjuration]

   Base accuracy: +5 Base damage: 5 Base attack delay: 1.2 This weapon's minimum
   attack delay (0.6) is reached at skill level 12.
   Int:       It affects your intelligence (+5).
   Dex:       It affects your dexterity (+3).
   It falls into the 'Staves' category.
   It is a one-handed weapon.
 b - a staff of fire
Jewellery
 f - a ring of protection from cold (left hand)
 k - a +4 ring of protection
 o - the ring of the Tarantula {Int+4 Dex+6 Stlth+}
   (You took it off a vault guard on level 1 of the Vaults)

   [ring of dexterity]

   Int:       It affects your intelligence (+4).
   Dex:       It affects your dexterity (+6).
   Stlth:     It makes you more stealthy.
 z - the ring of Dishonour (right hand) {rElec rPois rN+ Dex-3}
   (You acquired it on level 3 of the Spider Nest)

   [ring of positive energy]

   Dex:       It affects your dexterity (-3).
   rElec:     It insulates you from electricity.
   rPois:     It protects you from poison.
   rN:        It protects you from negative energy.
 B - the ring "Ysoacaos" {Fly Dex+6}
   (You found it on level 3 of the Depths)

   [ring of dexterity]

   Dex:       It affects your dexterity (+6).
   Fly:       It grants you flight.
 C - the ring "Doonew Wairr" {rN+ Slay+2 SInv Stlth-}
   (You found it on level 5 of the Pits of Slime)

   [ring of see invisible]

   Slay:      It affects your accuracy & damage with ranged weapons and melee
   (+2).
   rN:        It protects you from negative energy.
   SInv:      It lets you see invisible.
   Stlth:     It makes you less stealthy.
 D - a ring of willpower
 R - the amulet of the Death Scarab {Reflect Fly rPois SH+5}
   (You acquired it on level 3 of the Spider Nest)

   [amulet of reflection]

   It reflects blocked missile attacks.
   rPois:     It protects you from poison.
   Fly:       It grants you flight.
   SH:        It affects your SH (+5).
 V - a ring of resist corrosion
 X - the amulet "Xakueho" (around neck) {RegenMP Contam Int+6 Dex+5}
   (You took it off a frost giant on level 5 of the Vaults)

   [amulet of magic regeneration]

   It increases your rate of magic regeneration.
   Int:       It affects your intelligence (+6).
   Dex:       It affects your dexterity (+5).
   Contam:    It causes magical contamination when unequipped.
 Z - the ring "Sinoittuud" {rElec rCorr Int-3 Dex+2 Stlth+}
   (You found it on level 2 of the Realm of Zot)

   [ring of resist corrosion]

   Int:       It affects your intelligence (-3).
   Dex:       It affects your dexterity (+2).
   rElec:     It insulates you from electricity.
   rCorr:     It protects you from acid and corrosion.
   Stlth:     It makes you more stealthy.
Wands
 l - a wand of digging (14)
 m - a wand of mindburst (17)
 n - a wand of quicksilver (27)
 y - a wand of charming (87)
 I - a wand of flame (80)
 M - a wand of roots (39)
 T - a wand of polymorph (36)
Scrolls
 e - 4 scrolls of butterflies
 j - 21 scrolls of teleportation
 q - 11 scrolls of blinking
 s - 3 scrolls of fear
 w - 8 scrolls of amnesia
 x - 2 scrolls of enchant armour
 F - 7 scrolls of fog
 N - 5 scrolls of magic mapping
 O - 3 scrolls of silence
 S - 12 scrolls of poison
Potions
 c - 5 potions of flight
 g - 8 potions of cancellation
 h - 16 potions of curing
 i - 7 potions of haste
 r - 7 potions of brilliance
 t - 6 potions of ambrosia
 u - a potion of magic
 v - 11 potions of mutation
 A - 3 potions of resistance
 H - 8 potions of heal wounds
 P - 3 potions of invisibility
Miscellaneous
 G - a phantom mirror
 J - a lightning rod (4/4)
 Q - a phial of floods
 W - a tin of tremorstones (2/2)


   Skills:
 - Level 15.0 Fighting
 - Level 12.0 Staves
 - Level 10.0 Armour
 + Level 15.0 Dodging
 - Level 2.6 Stealth
 - Level 15.4 Shields
 - Level 15.0 Spellcasting
 O Level 27 Conjurations
 - Level 22.0 Fire Magic
 - Level 19.0 Air Magic
 - Level 1.2 Invocations
 - Level 15.0 Evocations


You had 4 spell levels left.
You knew the following spells:

 Your Spells              Type           Power      Damage    Failure   Level
a - Ignition              Fire           52%        3d14      1%          8
b - Irradiate             Conj/Tmut      52%        3d29      1%          5
c - Chain Lightning       Conj/Air       64%        3d86      1%          9
d - Plasma Beam           Fire/Air       50%        2x1d71    1%          6
e - Starburst             Conj/Fire      66%        6d17      0%          6
f - Fireball              Conj/Fire      66%        3d25      0%          5
g - Conjure Ball Lightni  Conj/Air       64%        3x3d23    0%          6
o - Orb of Destruction    Conj           69%        9d16      0%          7

Your spell library contained the following spells:

 Spells                   Type           Power      Damage    Failure   Level
 Lehudib's Crystal Spear  Conj/Erth      52%        10d12     6%          8
 Polar Vortex             Ice            11%        N/A       99%         9
 Foxfire                  Conj/Fire      100%       2x1d9     0%          1
 Kiss of Death            Conj/Necr      100%       2d13      0%          1
 Magic Dart               Conj           100%       1d8       0%          1
 Shock                    Conj/Air       100%       1d9       0%          1
 Momentum Strike          Conj/Tloc      100%       3d10      0%          2
 Scorch                   Fire           100%       2d9       0%          2
 Searing Ray              Conj           100%       2d8       0%          2
 Static Discharge         Conj/Air       100%       2-7/arc   0%          2
 Dazzling Flash           Conj/Hex       100%       N/A       0%          3
 Hailstorm                Conj/Ice       100%       3d20      0%          3
 Mephitic Cloud           Conj/Pois/Air  100%       N/A       0%          3
 Airstrike                Air            48%        2d(7-23)  0%          4
 Flame Wave               Conj/Fire      100%       2d21      0%          4
 Sticky Flame             Conj/Fire      100%       2d11      0%          4
 Apportation              Tloc           46%        N/A       1%          1
 Beastly Appendage        Tmut           46%        N/A       1%          1
 Necrotise                Necr           92%        1d8       1%          1
 Slow                     Hex            92%        N/A       1%          1
 Summon Small Mammal      Summ           92%        N/A       1%          1
 Blink                    Tloc           46%        N/A       1%          2
 Call Imp                 Summ           46%        N/A       1%          2
 Cigotuvi's Dreadful Rot  Necr/Pois/Air  100%       N/A       1%          2
 Ensorcelled Hibernation  Hex/Ice        46%        N/A       1%          2
 Lesser Beckoning         Tloc           46%        N/A       1%          2
 Sublimation of Blood     Necr           23%        N/A       1%          2
 Wereblood                Tmut           23%        N/A       1%          2
 Frozen Ramparts          Ice            46%        1d7       1%          3
 Ignite Poison            Fire/Tmut/Pois 63%        N/A       1%          3
 Inner Flame              Hex/Fire       75%        N/A       1%          3
 Vhi's Electric Charge    Tloc/Air       100%       N/A       1%          3
 Volatile Blastmotes      Fire/Tloc      100%       2d18      1%          3
 Fulminant Prism          Conj/Hex       52%        3d22      1%          4
 Iskenderun's Mystic Bla  Conj/Tloc      100%       2d19      1%          4
 Summon Lightning Spire   Summ/Air       70%        N/A       1%          4
 Call Canine Familiar     Summ           23%        N/A       2%          3
 Confusing Touch          Hex            23%        N/A       2%          3
 Gell's Gravitas          Tloc           23%        N/A       2%          3
 Ozocubu's Armour         Ice            23%        N/A       2%          3
 Portal Projectile        Hex/Tloc       46%        N/A       2%          3
 Spider Form              Tmut/Pois      23%        N/A       2%          3
 Summon Guardian Golem    Hex/Summ       23%        N/A       2%          3
 Teleport Other           Tloc           23%        N/A       2%          3
 Tukima's Dance           Hex            23%        N/A       2%          3
 Vampiric Draining        Necr           23%        2d7       2%          3
 Cause Fear               Hex            11%        N/A       8%          4
 Dispel Undead            Necr           23%        3d12      8%          4
 Ice Form                 Ice/Tmut       23%        N/A       8%          4
 Leda's Liquefaction      Hex/Erth       11%        N/A       8%          4
 Manifold Assault         Tloc           23%        N/A       8%          4
 Petrify                  Tmut/Erth      23%        N/A       8%          4
 Summon Ice Beast         Ice/Summ       23%        N/A       8%          4
 Arcjolt                  Conj/Air       64%        1d74      0%          5
 Iskenderun's Battlesphe  Conj           100%       2d15      0%          5
 Iron Shot                Conj/Erth      52%        9d10      1%          6
 Spellforged Servitor     Conj/Summ      52%        N/A       1%          7
 Maxwell's Capacitive Co  Air            48%        ∞         1%          8
 Lee's Rapid Deconstruct  Erth           11%        3d8*      7%          5
 Yara's Violent Unravell  Hex/Tmut       11%        3d6       7%          5
 Storm Form               Tmut/Air       35%        N/A       13%         7
 Agony                    Necr           23%        N/A       22%         5
 Alistair's Intoxication  Tmut/Pois      15%        N/A       22%         5
 Blade Hands              Tmut           11%        N/A       22%         5
 Borgnjor's Vile Clutch   Necr/Erth      11%        N/A       22%         5
 Metabolic Englaciation   Hex/Ice        11%        N/A       22%         5
 Summon Forest            Summ/Tloc      11%        N/A       22%         5
 Summon Mana Viper        Hex/Summ       23%        N/A       22%         5
 Eringya's Noxious Bog    Tmut/Pois      11%        N/A       30%         6
 Dispersal                Tloc           11%        N/A       75%         6
 Simulacrum               Ice/Necr       11%        N/A       75%         6
 Statue Form              Tmut/Erth      15%        N/A       75%         6
 Summon Cactus Giant      Summ           11%        N/A       75%         6
 Ozocubu's Refrigeration  Ice            11%        4d10      80%         7
 Dragon Form              Tmut           11%        N/A       99%         7
 Enfeeble                 Hex            11%        N/A       99%         7
 Haunt                    Necr/Summ      11%        N/A       99%         7
 Disjunction              Tloc           11%        N/A       100%        8
 Dragon's Call            Summ           11%        N/A       100%        9


Dungeon Overview and Level Annotations

Branches:
Dungeon (15/15)            Temple (1/1) D:7            Lair (5/5) D:8
  Swamp (4/4) Lair:3       Spider (4/4) Lair:2        Slime (5/5) Lair:4
    Orc (2/2) D:12            Elf (3/3) Orc:2        Vaults (5/5) D:14
  Crypt (0/3) Vaults:3     Depths (4/4) D:15            Zot (5/5) Depths:4
  Sewer (visited)           IceCv (visited)         Volcano (visited)
Gauntlet (visited)

Altars:
Ashenzari
Cheibriados
Dithmenos
Fedhas
Hepliaklqana
Kikubaaqudgha
Makhleb
Nemelex Xobeh
Okawaru
Qazlal
Ru
Sif Muna
Trog
Uskayaw
Vehumet
Wu Jian
Xom
Yredelemnul
Jiyva

Shops:
D:4 !   Orc:2 [?[!   Elf:1 =   Elf:2 ((=   Vaults:1 [   Vaults:2 (   Depths:1 [
Depths:2 (

Portals:
Hell: Depths:1 Depths:2 Depths:3 Depths:4
Abyss: Swamp:4 Depths:2 Depths:3
Pandemonium: Depths:1 Depths:2
Trove: D:13 (give 2 scrolls of acquirement)

Annotations:
Temple 2 transporters


Innate Abilities, Weirdness & Mutations

You can hurl damnation.
You are powered by pain.
You are completely covered in sharp spines.
You are resistant to unholy torment.
You have an absolutely massive brain. (Int +6, Wiz)
You punish those that try to bend your will. (Will+)
You have a sharp stinger which inflicts weakening toxins.
You have sharp toenails.
You are agile. (Dex +4, Str/Int -1)
You are robust. (+10% HP)
You occasionally shout uncontrollably at your foes.
Your muscles are strong. (Str +4, Int/Dex -1)
Potions are less effective at restoring your health.
Your spells are a little easier to cast, but a little less powerful.
You occasionally lose the ability to drink potions when taking damage.


Message History

You climb upwards.
There is a stone staircase leading down here.
An Orb Guardian comes into view.
Casting: Chain Lightning (dangerous; 1% risk of failure)
Confirm with . or Enter, or press ? or * to list all spells.
You feel a surge of power!
You miscast Chain Lightning.
You are very lightly contaminated with residual magic.
You are caught in an explosion of electrical discharges.
You resist.
Unknown command.
Casting: Chain Lightning (dangerous; 1% risk of failure)
Confirm with . or Enter, or press ? or * to list all spells.
You feel a surge of power! Lightning arcs from your hands!
The bolt of lightning hits the Orb Guardian!!!!
You kill the Orb Guardian!
Vehumet accepts your kill.
You feel your power returning.
Your Dodging skill increases to level 15!
(D) Dungeon (T) Temple (L) Lair (S) Swamp (N) Spider Nest (M) Slime Pits (O) Orcish Mines (E) Elven Halls (V) Vaults (C) Crypt (U) Depths (H) Hell (Z) Zot
Where to? (Enter - D:1 @ (x,y), ? - help) HP restored.
Your magical contamination has completely faded away.
There is a stone staircase leading up here.
You climb upwards.
There is a stone staircase leading down here.
Magic restored.
There is a stone staircase leading up here.
You climb upwards.
There is a stone staircase leading down here.
There is an escape hatch in the ceiling here.
There is a stone staircase leading up here.
You climb upwards.
There is a stone staircase leading down here.
There is an open door here.
You see here a +0 club.
There is a staircase leading out of the dungeon here.
You have escaped!

##### ###
#...##########.#
.............#.#
#..#####.###...# .#.#
#.########## .#.#
#.##.......# .#.#
#.'........# #).#
#.##.......# ...#
#.##>###.@.# ...#
#.##.......# #..#
#.)........##### .#.#
#.##.......#...# .#.##
#.###########.##
.#..####......#.......#
#.........###.#.#######
....#####.###.#.#
..........#...#.#


There were no monsters in sight!

Vanquished Creatures
  the Royal Jelly (Slime:5)
  7 dread liches
  4 ancient liches
  8 orbs of fire
  A juggernaut (Depths:3)
  Parghit (Depths:4)
  Vv (Depths:4)
  4 Killer Klowns (Zot:5)
  3 curse toes
  11 golden dragons
  Arachne (Spider:2)
  3 electric golems
  A walking crystal tome (Depths:3)
  A Hell Sentinel (Swamp:4)
  32 tentacled monstrosities
  Rupert (Lair:4)
  28 Orb Guardians
  A deep elf blademaster (Elf:3)
  12 acid blobs
  A deep elf master archer (Elf:3)
  6 liches
  6 titans
  7 quicksilver dragons
  The ghost of safid the Spry, an adept MfIE of Vehumet (Swamp:4)
  2 tentacled starspawn (Swamp:4)
  12 death cobs
  Kirke (Spider:3)
  9 sphinxes
  Agnes (Elf:2)
  16 shadow dragons
  14 draconian monks
  26 storm dragons
  8 tengu reavers
  2 fenstrider witches (Swamp:3)
  Roxanne (D:15)
  Donald (Swamp:4)
  10 frost giants
  10 azure jellies
  13 fire giants
  14 draconian knights
  The ghost of Domipeul the Severer, a journeyman MiBe of Trog (Spider:4)
  17 rockslimes
  18 vault wardens
  The ghost of Cumifues the Severer, a journeyman MiMo of Qazlal (Spider:4)
  2 iron dragons (Vaults:5)
  11 draconian shifters
  4 emperor scorpions
  5 draconian scorchers
  Aizul (Swamp:2)
  6 deep elf sorcerers
  3 cacodemons (Zot:2)
  Louise (Spider:2)
  A demonspawn corrupter (D:15)
  12 draconian annihilators
  7 broodmothers
  4 ghost moths
  22 ironbound preservers
  8 draconian stormcallers
  14 stone giants
  3 deep elf elementalists
  17 quicksilver oozes
  2 war gargoyles
  5 deep elf demonologists
  6 ironbound thunderhulks
  A juggernaut skeleton (Depths:3)
  A reaper (Depths:2)
  18 very ugly things
  15 black draconians
  19 green draconians
  6 eleionomae
  Azrael (Spider:3)
  19 white draconians
  A minotaur (Gauntlet)
  A lorocyproca (Depths:1)
  7 deep elf annihilators (Elf:3)
  A demonspawn black sun (D:15)
  4 bunyips
  11 yellow draconians
  A dire elephant (Vaults:3)
  11 spark wasps
  17 purple draconians
  10 deep elf death magi
  28 red draconians
  13 ettins
  A green death (Gauntlet)
  A crystal guardian (Vaults:4)
  7 entropy weavers
  8 fire dragons
  2 shambling mangroves
  11 yaktaur captains
  6 great orbs of eyes
  8 deep elf high priests
  11 rakshasas
  19 hydras
  Josephine (Lair:3)
  3 catoblepae
  A hydra (shapeshifter) (Vaults:5)
  9 ice dragons
  A caustic shrike simulacrum (IceCv)
  2 quicksilver dragon skeletons
  38 vault guards
  2 spriggan air magi (Depths:3)
  4 ghost crabs
  2 peacekeepers
  An alligator (shapeshifter) (Depths:3)
  4 two-headed ogres
  4 ogre magi
  13 boulder beetles
  11 ironbound frosthearts
  4 centaur warriors
  6 deep troll shamans
  2 jorogumos (Spider:2)
  10 alligators
  A hell hog (Swamp:4)
  Erica (D:9)
  A death scarab (Spider:1)
  4 deep troll earth magi
  6 death yaks
  9 tengu warriors
  3 radroaches
  3 spriggan berserkers (Depths:3)
  32 dancing weapons
  24 deep elf knights
  2 hell knights (Vaults:5)
  4 orc high priests (Orc:2)
  2 titan zombies (D:15)
  A shadow wraith (Vaults:3)
  2 soul eaters
  A skyshark (Lair:5)
  A sun demon (Depths:1)
  8 skeletal warriors
  4 sixfirhies
  2 iron trolls
  A titan skeleton (Vaults:3)
  7 goliath frogs
  A golden dragon zombie (Depths:3)
  6 pharaoh ants
  38 deep trolls
  2 sun moths (Spider:4)
  A goliath frog (shapeshifter) (Vaults:5)
  A flayed ghost (D:15)
  5 glowing orange brains
  10 bog bodies
  2 shadow demons
  7 spriggan druids
  9 orb spiders
  5 phantasmal warriors
  18 ironbound convokers
  2 death drakes (Depths:4)
  An orange crystal statue (IceCv)
  12 swamp dragons
  10 deep elf archers
  22 lindwurms
  25 deep elf pyromancers
  26 ugly things
  8 wizards
  4 necromancers
  4 orc sorcerers
  5 harpies (Vaults:4)
  A frost giant zombie (D:15)
  5 steelbarb worms
  4 orc knights
  19 deep elf zephyrmancers
  29 wolf spiders
  A shining eye (shapeshifter) (Vaults:5)
  2 salamanders
  3 elephants (Lair:5)
  6 cyclopes
  A toenail golem (Depths:1)
  2 will-o-the-wisps
  7 shining eyes
  3 manticores
  3 demonic crawlers
  A worldbinder (Swamp:4)
  A stone giant skeleton (Vaults:3)
  21 vault sentinels
  A moth of wrath (shapeshifter) (Vaults:5)
  A torpor snail (shapeshifter) (Depths:3)
  34 moths of wrath
  2 black mambas (Lair:2)
  8 torpor snails
  2 eyes of devastation
  A frost giant skeleton (Vaults:4)
  2 rust devils
  2 molten gargoyles (Volcano)
  Maggie (D:6)
  3 orange demons
  A smoke demon (Depths:2)
  2 hellions
  A gargoyle (Volcano)
  4 freezing wraiths
  2 rime drakes (Lair:2)
  A tengu conjurer (Depths:2)
  An unseen horror (D:9)
  An efreet (Volcano)
  15 cane toads
  A golden dragon simulacrum (IceCv)
  30 yaktaurs
  4 komodo dragons
  4 yaktaur skeletons
  2 anaconda simulacra (IceCv)
  3 ice devils
  2 red devils (Depths:2)
  A bloated husk (Swamp:1)
  A queen bee (shapeshifter) (D:14)
  13 meliai
  10 tyrant leeches
  2 hellwings (Depths:1)
  2 polar bears (Lair:5)
  Grinder (D:4)
  9 trolls
  A wind drake (shapeshifter) (D:15)
  20 tarantellas
  15 hornets
  A raiju (Swamp:4)
  A frost giant simulacrum (Depths:3)
  34 blink frogs
  36 jumping spiders
  3 vampires
  A slime creature (shapeshifter) (Vaults:1)
  An ettin skeleton (Vaults:3)
  6 water elementals
  15 spriggans
  4 shadows
  An air elemental (Elf:1)
  A jumping spider (shapeshifter) (Depths:3)
  A ynoxinul (D:9)
  5 wyverns
  97 slime creatures
  54 yaks
  21 culicivoras
  A dire elephant simulacrum (IceCv)
  9 wraiths
  A human (Lair:4)
  8 basilisks
  A chaos spawn (Depths:2)
  18 golden eyes
  2 neqoxecs
  2 fire bats (Volcano)
  7 fire elementals
  2 hogs (Spider:3)
  10 vampire mosquitoes
  51 redbacks
  A warg (Vaults:5)
  Edmund (D:6)
  2 elf skeletons (Vaults:3)
  4 acid dragons
  A glowing shapeshifter zombie (Vaults:4)
  10 swamp worms
  6 hell hounds
  16 water moccasins
  A glowing shapeshifter skeleton (D:15)
  2 sky beasts
  4 swamp drakes
  6 ice beasts
  27 orc warriors
  3 black bears
  An alligator simulacrum (IceCv)
  An ettin simulacrum (IceCv)
  17 centaurs
  5 boggarts (Vaults:1)
  3 ogres
  7 wolves (Lair:5)
  4 phantoms
  6 kobold brigands
  Blork the orc (D:4)
  9 bullfrogs
  6 earth elementals
  A gnoll sergeant (D:10)
  17 scorpions
  3 human skeletons
  A wight (D:9)
  16 killer bees
  A lindwurm simulacrum (IceCv)
  5 howler monkeys
  4 electric eels
  5 lava snakes (Volcano)
  4 quasits (D:4)
  2 gnoll boudas
  4 hounds
  3 jellies (D:6)
  33 orc priests
  Crazy Yiuf (D:4)
  6 iguanas (D:5)
  A sleepcap (D:4)
  Ijyb (D:4)
  An iguana (shapeshifter) (D:13)
  Natasha (thrice) (D:4)
  21 orc wizards
  A hell rat (Sewer)
  A centaur simulacrum (D:10)
  7 adders
  10 gnolls
  3 river rats (Sewer)
  3 shadow imps
  A worm (shapeshifter) (Vaults:5)
  2 worms
  A dart slug (D:4)
  63 orcs
  A bat (D:3)
  8 endoplasms
  10 giant cockroaches
  9 goblins
  5 hobgoblins
  2 jackals
  31 kobolds
  4 quokkas
  12 ball pythons
  2 frilled lizards
  13 rats
  5 butterflies
  A starspawn tentacle (Swamp:4)
2354 creatures vanquished.

Vanquished Creatures (collateral kills)
  A fire giant (Vaults:5)
1 creature vanquished.

Vanquished Creatures (others)
  A deep elf knight (Elf:2)
  A deep elf zephyrmancer (Elf:1)
  A deep elf pyromancer (Elf:2)
  A wolf spider (Spider:3)
  A tengu conjurer (D:10)
  A bloated husk (Swamp:4)
  2 humans (Spider:3)
  An orc warrior (D:9)
  2 electric eels (D:13)
  6 ball lightnings (Depths:2)
  299 foxfires
  3 starspawn tentacles (Swamp:4)
319 creatures vanquished.

Grand Total: 2674 creatures vanquished

Notes
Turn   | Place    | Note
-------+----------+-------------------------------------------
     0 | D:1      | LordWeiramon the Demonspawn Wanderer began the quest for
                  | the Orb.
     0 | D:1      | LordWeiramon set off with the following items: a +0 club, a
                  | potion of heal wounds, a +0 ring mail; and the following
                  | spells available to memorise: Shock, Foxfire, Cigotuvi's
                  | Dreadful Rot, Ignite Poison, Summon Lightning Spire.
     0 | D:1      | Reached XP level 1. HP: 13/13 MP: 2/2
     2 | D:1      | Learned a level 1 spell: Shock
     4 | D:1      | Learned a level 1 spell: Foxfire
   118 | D:1      | Reached skill level 1 in Conjurations
   451 | D:1      | Gained mutation: You have a small tail. [demonic ancestry]
   451 | D:1      | Reached XP level 2. HP: 19/19 MP: 0/3
   732 | D:1      | Reached skill level 2 in Conjurations
  1372 | D:2      | Gained mutation: You sometimes gain a little power by
                  | taking damage. [demonic ancestry]
  1372 | D:2      | Reached XP level 3. HP: 24/24 MP: 0/5
  1764 | D:2      | Found a faded altar of an unknown god.
  2567 | D:3      | Found a basalt altar of Yredelemnul.
  2752 | D:3      | Gained mutation: You are partially covered in sharp spines.
                  | [demonic ancestry]
  2752 | D:3      | Reached XP level 4. HP: 30/30 MP: 5/7
  2758 | D:3      | Reached skill level 3 in Conjurations
  3175 | D:3      | Found a blossoming altar of Fedhas.
  3710 | D:3      | Reached skill level 4 in Conjurations
  3710 | D:3      | Reached XP level 5. HP: 35/35 MP: 5/8
  3922 | D:4      | Found an ancient bone altar of Kikubaaqudgha.
  4011 | D:4      | Found a runed translucent door.
  4012 | D:4      | Noticed Crazy Yiuf
  4028 | D:4      | Noticed a phantom
  4057 | D:4      | Noticed Grinder
  4057 | D:4      | Noticed an ice beast
  4073 | D:4      | Killed Grinder
  4074 | D:4      | Reached skill level 5 in Conjurations
  4074 | D:4      | Gained mutation: You have an unusually large brain. (Int
                  | +2) [demonic ancestry]
  4074 | D:4      | Reached XP level 6. HP: 41/41 MP: 10/10
  4090 | D:4      | Killed an ice beast
  4091 | D:4      | Reached skill level 6 in Conjurations
  4164 | D:4      | Gained mutation: You have an extremely huge brain. (Int +4)
                  | [demonic ancestry]
  4164 | D:4      | Reached XP level 7. HP: 36/46 MP: 5/11
  4373 | D:4      | Found Loupheoq's Distillery.
  4376 | D:4      | Bought a potion of degeneration for 14 gold pieces
  4377 | D:4      | Bought a potion of brilliance for 56 gold pieces
  4377 | D:4      | Bought a potion of invisibility for 112 gold pieces
  4388 | D:4      | Found a stormy altar of Qazlal.
  4521 | D:4      | Bought a potion of berserk rage for 70 gold pieces
  4538 | D:4      | Reached skill level 7 in Conjurations
  4564 | D:4      | Noticed Ijyb
  4568 | D:4      | Noticed Natasha
  4575 | D:4      | Killed Ijyb
  4577 | D:4      | Killed Natasha
  4578 | D:4      | Reached skill level 1 in Fighting
  4835 | D:4      | Noticed Blork the orc
  4838 | D:4      | Killed Blork the orc
  4998 | D:4      | Noticed Natasha
  5003 | D:4      | Killed Natasha
  5042 | D:4      | Noticed Natasha
  5049 | D:4      | Killed Natasha
  5050 | D:4      | Gained mutation: You have an absolutely massive brain. (Int
                  | +6, Wiz) [demonic ancestry]
  5050 | D:4      | Reached XP level 8. HP: 58/58 MP: 8/13
  5056 | D:4      | Learned a level 5 spell: Arcjolt
  5140 | D:5      | Entered Level 5 of the Dungeon
  5435 | D:5      | Found a glowing drain.
  5439 | Sewer    | Entered a sewer
  5509 | Sewer    | Reached skill level 5 in Air Magic
  5673 | D:5      | Found a sacrificial altar of Ru.
  5878 | D:5      | Reached skill level 5 in Spellcasting
  6197 | D:4      | Bought a potion of mutation for 112 gold pieces
  6304 | D:6      | Noticed Maggie
  6313 | D:6      | Killed Maggie
  6314 | D:6      | Reached XP level 9. HP: 64/64 MP: 14/16
  6670 | D:6      | Noticed Edmund
  6685 | D:6      | Killed Edmund
  6686 | D:6      | Reached skill level 8 in Conjurations
  7625 | D:6      | Learned a level 6 spell: Plasma Beam
  7666 | D:6      | Noticed a cyclops
  7680 | D:6      | Killed a cyclops
  7681 | D:6      | Reached skill level 5 in Fire Magic
  7773 | D:6      | Noticed a troll
  7808 | D:7      | Found a staircase to the Ecumenical Temple.
  7991 | Temple   | Entered the Ecumenical Temple
  7991 | Temple   | Found a transporter.
  7991 | Temple   | Found a transporter.
  7993 | Temple   | Found a transporter.
  7993 | Temple   | Found a transporter.
  8005 | Temple   | Became a worshipper of Vehumet
  8330 | D:7      | Gained mutation: You sometimes gain power by taking damage.
                  | [demonic ancestry]
  8330 | D:7      | Reached XP level 10. HP: 43/70 MP: 6/17
  8678 | D:8      | Learned a level 5 spell: Fireball
  9346 | D:8      | Reached skill level 9 in Conjurations
  9510 | D:8      | Found a staircase to the Lair.
  9734 | D:4      | Killed Crazy Yiuf
 10194 | D:4      | Bought a potion of curing for 42 gold pieces
 10194 | D:4      | Bought a potion of heal wounds for 70 gold pieces
 10385 | D:8      | Found a transporter.
 10541 | D:9      | Noticed a two-headed ogre
 10650 | D:9      | Found an ornate altar of the Wu Jian Council.
 10804 | D:9      | Reached * piety under Vehumet
 10804 | D:9      | Offered knowledge of Freeze by Vehumet.
 10806 | D:9      | Reached skill level 10 in Conjurations
 11191 | D:9      | Identified the +1 morningstar of Revolt {speed, rElec rF-
                  | rC+}
 11868 | D:9      | Noticed a two-headed ogre
 11877 | D:9      | Killed a two-headed ogre
 12165 | D:9      | Gained mutation: You are mostly covered in sharp spines.
                  | [demonic ancestry]
 12165 | D:9      | Reached XP level 11. HP: 75/75 MP: 6/22
 12356 | D:9      | Found a hazy altar of Hepliaklqana.
 12364 | D:9      | Found a hide-covered altar of Uskayaw.
 12364 | D:9      | Found a burning altar of Makhleb.
 12366 | D:9      | Found a shimmering altar of Xom.
 12419 | D:9      | Reached ** piety under Vehumet
 12510 | D:9      | Killed a two-headed ogre
 12639 | D:9      | Offered knowledge of Searing Ray by Vehumet.
 12639 | D:9      | Noticed Erica
 12809 | D:9      | Found a bloodstained altar of Trog.
 12821 | D:9      | Found a shimmering blue altar of Sif Muna.
 12825 | D:9      | Got Sif Muna's Reference Book on the Body
 13171 | D:9      | Killed Erica
 13297 | D:10     | Entered Level 10 of the Dungeon
 13570 | D:10     | Noticed a boulder beetle
 13579 | D:10     | Killed a boulder beetle
 13661 | D:10     | Noticed a tengu warrior
 13680 | D:10     | Noticed a green ugly thing
 13804 | D:10     | Killed a green ugly thing
 13931 | D:10     | Noticed a two-headed ogre
 13934 | D:10     | Killed a two-headed ogre
 13935 | D:10     | Reached skill level 10 in Spellcasting
 13992 | D:10     | Noticed a two-headed ogre
 14004 | D:10     | Killed a two-headed ogre
 14090 | D:10     | Noticed a tengu warrior
 14095 | D:10     | Killed a tengu warrior
 14143 | D:10     | Killed a tengu warrior
 14298 | D:10     | Noticed a two-headed ogre
 14319 | D:10     | Noticed a four-headed hydra
 14327 | D:10     | Killed a four-headed hydra
 14958 | D:10     | Offered knowledge of Volatile Blastmotes by Vehumet.
 14960 | D:10     | Gained mutation: You have a tail ending in a sharp stinger.
                  | [demonic ancestry]
 14960 | D:10     | Reached XP level 12. HP: 81/81 MP: 9/27
 14978 | D:10     | Reached skill level 5 in Shields
 15319 | D:10     | Reached *** piety under Vehumet
 15717 | D:11     | Reached skill level 5 in Fighting
 15816 | D:11     | You fall into a shaft and drop 1 floor!
 16160 | D:11     | Offered knowledge of Flame Wave by Vehumet.
 16185 | D:11     | Learned a level 6 spell: Starburst
 16193 | D:11     | Learned a level 7 spell: Orb of Destruction
 16496 | D:11     | Reached skill level 5 in Armour
 16518 | D:11     | Reached skill level 1 in Dodging
 17943 | D:12     | Reached **** piety under Vehumet
 17946 | D:12     | Reached skill level 5 in Dodging
 17947 | D:12     | Offered knowledge of Frozen Ramparts by Vehumet.
 17948 | D:12     | Found a staircase to the Orcish Mines.
 18105 | D:12     | Found a runed translucent door.
 18111 | D:12     | Found a runed translucent door.
 18120 | D:12     | Noticed a boulder beetle
 18152 | D:12     | Killed a boulder beetle
 18446 | Lair:1   | Entered Level 1 of the Lair of Beasts
 18687 | Lair:1   | Reached XP level 13. HP: 91/91 MP: 20/29
 18764 | Lair:1   | Reached ***** piety under Vehumet
 18786 | Lair:1   | Offered knowledge of Olgreb's Toxic Radiance by Vehumet.
 19610 | Lair:2   | Found a hole to the Spider Nest.
 21582 | Lair:3   | Found a staircase to the Swamp.
 21706 | Lair:3   | Noticed Josephine
 21711 | Lair:3   | Killed Josephine
 22586 | Lair:4   | Reached skill level 15 in Spellcasting
 22882 | Lair:4   | You fall into a shaft and drop 1 floor!
 22882 | Lair:5   | Entered Level 5 of the Lair of Beasts
 22932 | Lair:5   | Reached XP level 14. HP: 98/98 MP: 12/33
 22961 | Lair:5   | Found a dark tunnel.
 23069 | Volcano  | Entered a volcano
 23176 | Volcano  | Found a bloodstained altar of Trog.
 23185 | Volcano  | Noticed a stone giant
 23190 | Volcano  | Killed a stone giant
 24047 | Lair:5   | Offered knowledge of Yara's Violent Unravelling by Vehumet.
 24048 | Lair:5   | Reached skill level 10 in Fire Magic
 24567 | Lair:5   | Reached skill level 11 in Conjurations
 24941 | Lair:5   | Reached skill level 12 in Conjurations
 25019 | Lair:5   | Found the necklace of Bloodlust {Fury *Rage Will++ Int-3
                  | Slay+6}
 25443 | Lair:4   | Found a staircase to the Slime Pits.
 25443 | Lair:4   | Found a viscous altar of Jiyva.
 25738 | Lair:4   | Found a runed translucent door.
 25740 | Lair:4   | Noticed Rupert
 26202 | D:13     | Reached skill level 13 in Conjurations
 26285 | D:13     | Offered knowledge of Conjure Ball Lightning by Vehumet.
 26299 | D:13     | Learned a level 6 spell: Conjure Ball Lightning
 26630 | D:13     | Identified the +7 dagger of Deformation {flame, Str-3
                  | Dex+8}
 26633 | D:13     | Found a portal to a secret trove of treasure.
 27000 | D:13     | Identified the +3 dagger "Filai" {speed, Str+2 Dex+5}
 27291 | D:14     | Found a gate leading to a gauntlet.
 27296 | Gauntlet | Entered a Gauntlet
 27296 | Gauntlet | Found a transporter.
 27296 | Gauntlet | Found a transporter.
 27316 | Gauntlet | Found a transporter.
 27317 | Gauntlet | Found a transporter.
 27332 | Gauntlet | Found a transporter.
 27336 | Gauntlet | Noticed a quicksilver ooze
 27361 | Gauntlet | Found a transporter.
 27364 | Gauntlet | Found a transporter.
 27375 | Gauntlet | Found a transporter.
 27380 | Gauntlet | Found a transporter.
 27407 | Gauntlet | Found a transporter.
 27415 | Gauntlet | Found a transporter.
 27436 | Gauntlet | Found a transporter.
 27501 | Gauntlet | Reached skill level 14 in Conjurations
 27501 | Gauntlet | Reached XP level 15. HP: 69/103 MP: 22/34
 27579 | Gauntlet | Identified the ring of Kiyf {Fly Dex+3}
 27748 | D:14     | Found a gate to the Vaults.
 28807 | D:15     | Entered Level 15 of the Dungeon
 28938 | D:15     | Found a staircase to the Depths.
 29324 | D:15     | Reached skill level 15 in Conjurations
 29421 | D:15     | Reached skill level 1 in Staves
 29809 | D:15     | Noticed Roxanne
 30142 | Orc:1    | Entered Level 1 of the Orcish Mines
 30483 | Orc:2    | Entered Level 2 of the Orcish Mines
 30751 | Orc:2    | Offered knowledge of Freezing Cloud by Vehumet.
 30776 | Orc:2    | Reached skill level 5 in Staves
 30982 | Orc:2    | Found Nomy's Magic Scroll Boutique.
 30982 | Orc:2    | Found Kioroduu's Armour Boutique.
 30983 | Orc:2    | Found Kiommene's Armour Shop.
 30987 | Orc:2    | Found Yfuuff's Distillery.
 30992 | Orc:2    | Bought the +4 pair of gloves "Litsing" {*Slow +Inv rF++
                  | Str+3} for 737 gold pieces
 31005 | Orc:2    | Bought a +1 pair of boots for 149 gold pieces
 31096 | Orc:2    | Found a staircase to the Elven Halls.
 31405 | Orc:2    | Bought a scroll of identify for 34 gold pieces
 31405 | Orc:2    | Bought a scroll of identify for 34 gold pieces
 31405 | Orc:2    | Bought a scroll of identify for 34 gold pieces
 31675 | Swamp:1  | Entered Level 1 of the Swamp
 31883 | Swamp:1  | Reached skill level 1 in Evocations
 32530 | Swamp:1  | Reached skill level 5 in Evocations
 33303 | Swamp:2  | Noticed Aizul
 33414 | Swamp:2  | Gained mutation: You have a sharp stinger which inflicts
                  | weakening toxins. [demonic ancestry]
 33414 | Swamp:2  | Reached XP level 16. HP: 116/116 MP: 19/35
 33631 | Swamp:2  | Killed Aizul
 34734 | Swamp:3  | Reached skill level 10 in Fighting
 34755 | Swamp:3  | Offered knowledge of Iron Shot by Vehumet.
 34765 | Swamp:2  | Learned a level 6 spell: Iron Shot
 35646 | Swamp:4  | Entered Level 4 of the Swamp
 35713 | Swamp:4  | Found a sparkling altar of Nemelex Xobeh.
 36184 | Swamp:4  | Noticed Donald
 36186 | Swamp:4  | Killed Donald
 36487 | Swamp:4  | Noticed a Hell Sentinel
 36746 | Swamp:4  | Found a transporter.
 36749 | Swamp:4  | Noticed a tentacled starspawn
 36750 | Swamp:4  | Noticed safid's ghost (adept MfIE)
 36776 | Swamp:4  | Found a one-way gate to the infinite horrors of the Abyss.
 36964 | Swamp:4  | Found a transporter.
 37139 | Swamp:4  | Reached skill level 10 in Dodging
 37468 | Swamp:4  | Got a decaying rune of Zot
 37699 | Swamp:4  | Noticed a tentacled starspawn
 38053 | Orc:2    | Bought a scroll of enchant armour for 127 gold pieces
 38295 | Spider:1 | Entered Level 1 of the Spider Nest
 38563 | Spider:1 | Reached XP level 17. HP: 128/128 MP: 9/36
 38847 | Spider:1 | Reached ****** piety under Vehumet
 39009 | Spider:1 | Offered knowledge of Irradiate by Vehumet.
 39029 | Spider:1 | Learned a level 5 spell: Irradiate
 39761 | Spider:2 | Noticed Louise
 39899 | Spider:2 | Killed Louise
 40114 | Spider:2 | Noticed Arachne
 40126 | Spider:2 | Killed Arachne
 41108 | Spider:3 | Reached skill level 10 in Armour
 41173 | Spider:3 | Found a frozen archway.
 41284 | IceCv    | Entered an ice cave
 41364 | IceCv    | Found a transporter.
 41381 | IceCv    | Found a transporter.
 41491 | Spider:3 | Noticed Kirke
 41498 | Spider:3 | Killed Kirke
 41506 | Spider:3 | Offered knowledge of Ignition by Vehumet.
 41703 | Spider:3 | Noticed Azrael
 41706 | Spider:3 | Killed Azrael
 42262 | Spider:3 | Identified 3 scrolls of acquirement
 42263 | Spider:3 | Acquired the +2 pair of boots "Guiti" {rPois Str-3 Int+2}
 42289 | Spider:3 | Acquired the amulet of the Death Scarab {Reflect Fly rPois
                  | SH+5}
 42316 | Spider:3 | Acquired the ring of Dishonour {rElec rPois rN+ Dex-3}
 43250 | Spider:3 | Learned a level 8 spell: Ignition
 43606 | Vaults:1 | Entered Level 1 of the Vaults
 43951 | Vaults:1 | Offered knowledge of Lehudib's Crystal Spear by Vehumet.
 43951 | Vaults:1 | Offered knowledge of Chain Lightning by Vehumet.
 43951 | Vaults:1 | Offered knowledge of Polar Vortex by Vehumet.
 43956 | Vaults:1 | Reached skill level 10 in Shields
 43957 | Vaults:1 | Gained mutation: You are powered by pain. [demonic
                  | ancestry]
 43957 | Vaults:1 | Reached XP level 18. HP: 134/134 MP: 22/37
 44388 | Vaults:1 | Found Ujumefeu's Armour Shop.
 45104 | Vaults:1 | Found a transporter.
 45189 | Vaults:1 | Identified the ring of the Tarantula {Int+4 Dex+6 Stlth+}
 45212 | Vaults:1 | Found a transporter.
 47109 | Vaults:2 | Found Wiqeamo's Antique Weapon Shoppe.
 48258 | Vaults:3 | Reached XP level 19. HP: 128/140 MP: 29/38
 48260 | Vaults:3 | Reached skill level 15 in Fire Magic
 48514 | Vaults:3 | Identified the +5 scale mail of Litooj {rElec}
 49460 | Vaults:3 | Found a staircase to the Crypt.
 50937 | Vaults:4 | Got the Vademecum on Hail
 52040 | Elf:1    | Entered Level 1 of the Elven Halls
 52117 | Elf:1    | Found Naprot's Jewellery Boutique.
 52128 | Elf:1    | Bought a ring of see invisible for 285 gold pieces
 52470 | Spider:4 | Entered Level 4 of the Spider Nest
 52808 | Spider:4 | Gained mutation: You punish those that try to bend your
                  | will. (Will+) [demonic ancestry]
 52808 | Spider:4 | Reached XP level 20. HP: 115/144 MP: 28/39
 53435 | Spider:4 | Found a runed translucent gate.
 53435 | Spider:4 | Found a runed translucent gate.
 53436 | Spider:4 | Found a runed translucent gate.
 53443 | Spider:4 | Noticed Domipeul's ghost (journeyman MiBe)
 53443 | Spider:4 | Noticed Cumifues's ghost (journeyman MiMo)
 55027 | Spider:4 | Got a gossamer rune of Zot
 55226 | Spider:4 | Killed Domipeul's ghost
 55235 | Spider:4 | Killed Cumifues's ghost
 55773 | Elf:1    | Identified the +5 chain mail of the Skies Above {Harm
                  | rPois}
 56913 | Elf:2    | Found Weubboats's Antique Weapon Boutique.
 56987 | Elf:2    | Found Qaogeci's Jewellery Shop.
 56999 | Elf:2    | Found Toerew's Antique Weapon Shoppe.
 57114 | Elf:2    | Noticed Agnes
 57117 | Elf:2    | Killed Agnes
 57510 | Elf:2    | Found a runed translucent gate.
 57511 | Elf:2    | Found a runed translucent gate.
 57511 | Elf:2    | Found a runed translucent gate.
 57819 | Elf:1    | Found an ancient bone altar of Kikubaaqudgha.
 59116 | Elf:3    | Entered Level 3 of the Elven Halls
 59155 | Elf:3    | Reached XP level 21. HP: 153/153 MP: 34/40
 60684 | Elf:3    | Identified the +0 whip "Ruwku" {vamp, Drain rF+ Stlth+}
 60805 | Elf:3    | Identified the amulet "Ogamessa" {RegenMP Dex+5}
 61181 | Elf:3    | Identified the +9 plate armour of Broken Taboos {rN+ rCorr
                  | Dex-3}
 61182 | Elf:3    | Identified the +4 trident "Begir" {freeze, Str-4 Dex+3
                  | Stlth+}
 61186 | Elf:3    | Identified the +0 robe "Xecsimp" {rElec rPois Str+2}
 61295 | Elf:3    | Identified the +8 great mace of Jusog {speed, rC+ Stlth+}
 61377 | Elf:3    | Identified the +6 long sword of the Nexus {spect, Drain rF+
                  | rCorr Dex+3}
 61796 | Elf:3    | Identified the +9 sling of Iroifoqi {freeze, Int+3}
 61831 | Elf:3    | Identified the staff of poison "Arphum" {rPois rF++ Str+4}
 61898 | Elf:3    | Reached skill level 10 in Staves
 62029 | Orc:2    | Bought a scroll of teleportation for 51 gold pieces
 62029 | Orc:2    | Bought a scroll of blinking for 127 gold pieces
 62029 | Orc:2    | Bought a scroll of magic mapping for 127 gold pieces
 62029 | Orc:2    | Bought a scroll of acquirement for 884 gold pieces
 62029 | Orc:2    | Acquired the Codex of Attacks
 62303 | Lair:4   | Killed Rupert
 62675 | D:15     | Killed Roxanne
 63365 | Vaults:1 | Identified the +1 helmet of Sif Muna's Benevolence {rPois}
 63736 | Slime:1  | Entered Level 1 of the Pits of Slime
 64379 | Slime:2  | Gained mutation: You are frail. (-10% HP) [a shining eye]
 64380 | Slime:2  | Gained mutation: You are strong-willed. (Will+) [a shining
                  | eye]
 65535 | Slime:3  | Gained mutation: You are very frail. (-20% HP) [a shining
                  | eye]
 65741 | Slime:3  | Lost mutation: You are very frail. (-20% HP) [potion of
                  | mutation]
 65741 | Slime:3  | Lost mutation: You are strong-willed. (Will+) [potion of
                  | mutation]
 65741 | Slime:3  | Gained mutation: You have sharp fingernails. [potion of
                  | mutation]
 65741 | Slime:3  | Gained mutation: You are agile. (Dex +4, Str/Int -1)
                  | [potion of mutation]
 65741 | Slime:3  | Gained mutation: You possess an exceptional clarity of
                  | mind. [potion of mutation]
 65741 | Slime:3  | Gained mutation: You have a pair of small horns on your
                  | head. [potion of mutation]
 65940 | Slime:4  | Paralysed by a great orb of eyes for 2 turns
 66452 | Slime:5  | Entered Level 5 of the Pits of Slime
 66747 | Slime:4  | Gained mutation: You are completely covered in sharp
                  | spines. [demonic ancestry]
 66747 | Slime:4  | Reached XP level 22. HP: 123/143 MP: 37/41
 66797 | Slime:5  | Reached skill level 15 in Shields
 67127 | Slime:5  | Noticed the Royal Jelly
 67135 | Slime:5  | Killed the Royal Jelly
 67293 | Slime:5  | Gained mutation: You have hidden genetic defects. [a
                  | shining eye]
 67299 | Slime:4  | Lost mutation: You are frail. (-10% HP) [potion of
                  | mutation]
 67299 | Slime:4  | Lost mutation: You have a pair of small horns on your head.
                  | [potion of mutation]
 67299 | Slime:4  | Lost mutation: You have sharp fingernails. [potion of
                  | mutation]
 67299 | Slime:4  | Gained mutation: You have sharp toenails. [potion of
                  | mutation]
 67299 | Slime:4  | Gained mutation: You occasionally lose the ability to drink
                  | potions when taking damage. [potion of mutation]
 67299 | Slime:4  | Gained mutation: You are robust. (+10% HP) [potion of
                  | mutation]
 67300 | Slime:4  | Lost mutation: You have hidden genetic defects. [potion of
                  | mutation]
 67300 | Slime:4  | Lost mutation: You possess an exceptional clarity of mind.
                  | [potion of mutation]
 67300 | Slime:4  | Gained mutation: Your spells are a little easier to cast,
                  | but a little less powerful. [potion of mutation]
 67300 | Slime:4  | Gained mutation: Your mind is acute. (Int +4, Str/Dex -1)
                  | [potion of mutation]
 68140 | Slime:5  | Got a slimy rune of Zot
 68147 | Slime:5  | Identified the +2 leather armour of Bualut {rPois Will-
                  | Regen+ Dex-5}
 68148 | Slime:5  | Identified the ring "Doonew Wairr" {rN+ Slay+2 SInv Stlth-}
 68189 | Slime:5  | Identified the +4 spear of Saltpetre {freeze, Fly rElec
                  | rF+++ Dex-3}
 68208 | Slime:5  | Found the +10 dark maul {heavy}
 68221 | Slime:5  | Identified the staff of death "Plog" {rF- rN+ rCorr Str+4
                  | Dex+4}
 68239 | Slime:5  | Identified the +9 mace of Ignis's Righteous Fury {venom,
                  | rElec Will- Int+3 Dex+3}
 68262 | Slime:5  | Identified the +8 falchion of Laceration {flame, Stlth+}
 68891 | Swamp:4  | Killed safid's ghost
 69048 | Swamp:4  | Identified the +0 cloak of Hedge Wizardry {SInv}
 69542 | Vaults:5 | Entered Level 5 of the Vaults
 69618 | Vaults:5 | Identified the +8 rapier "Glorpo" {flame, Str+4 Dex+2}
 69761 | Vaults:5 | Noticed a dread lich
 69766 | Vaults:5 | Identified the +0 hand axe of Kawnaint {protect, rC+ Str-4
                  | Dex+2 Stlth+}
 69769 | Vaults:5 | Got a silver rune of Zot
 70061 | Vaults:5 | Identified the +3 spear of Vengeance {heavy, Will++ Str+3
                  | Int-4}
 70064 | Vaults:5 | Identified the staff of conjuration "Uwoupet" {Int+5 Dex+3}
 70069 | Vaults:5 | Got the Omnibus of Destined Leadership
 70134 | Vaults:5 | Identified the ring "Kiwuatha" {rPois Str+4}
 70477 | Vaults:5 | Identified the +2 pair of boots of the Evening {Int+2}
 70638 | Vaults:5 | Reached skill level 15 in Fighting
 70724 | Vaults:5 | Reached skill level 16 in Conjurations
 70859 | Vaults:5 | Noticed an ancient lich
 70863 | Vaults:5 | Killed an ancient lich
 71208 | Vaults:5 | Reached skill level 17 in Conjurations
 71256 | Vaults:5 | Identified the amulet "Xakueho" {RegenMP Contam Int+6
                  | Dex+5}
 71300 | Vaults:5 | Killed a dread lich
 71301 | Vaults:5 | Reached XP level 23. HP: 199/199 MP: 35/42
 71644 | Vaults:5 | Reached skill level 18 in Conjurations
 72575 | Vaults:5 | Learned a level 9 spell: Chain Lightning
 72755 | Depths:1 | Entered Level 1 of the Depths
 73121 | Depths:1 | Found a one-way gate leading to the halls of Pandemonium.
 73165 | Depths:1 | Found Ozatrod's Antique Armour Shoppe.
 73281 | Depths:1 | Found a gateway to Hell.
 73289 | Depths:1 | You fall into a shaft and drop 1 floor!
 73315 | Depths:2 | Reached skill level 10 in Air Magic
 73548 | Depths:1 | Found an ornate altar of the Wu Jian Council.
 73601 | Depths:1 | Found a hide-covered altar of Uskayaw.
 74327 | Depths:2 | Found a broken altar of Ashenzari.
 74658 | Depths:2 | Found Huiw's Weapon Shoppe.
 74796 | Depths:2 | Identified the +0 great mace "Widowmaker" {holy, Str+2
                  | Int+4}
 75412 | Depths:3 | Reached skill level 15 in Air Magic
 75934 | Depths:3 | Noticed a juggernaut
 75937 | Depths:3 | Killed a juggernaut
 76438 | Depths:3 | Identified the ring "Ysoacaos" {Fly Dex+6}
 76572 | Depths:3 | Reached XP level 24. HP: 206/206 MP: 31/42
 76631 | Depths:4 | Entered Level 4 of the Depths
 77107 | Depths:4 | Reached skill level 19 in Conjurations
 77414 | Depths:4 | Found a gate to the Realm of Zot.
 77489 | Depths:4 | Noticed Vv
 77696 | Depths:4 | Noticed Parghit
 77697 | Depths:4 | Killed Parghit
 77912 | Depths:4 | Killed Vv
 78030 | Depths:4 | Identified the +8 morningstar of Ceecaom {flame, MP+9 Str-2
                  | Dex+3}
 78173 | Depths:4 | Reached skill level 20 in Conjurations
 78500 | Zot:1    | Entered Level 1 of the Realm of Zot
 78805 | Zot:1    | Reached skill level 21 in Conjurations
 79618 | Zot:1    | Gained mutation: You are resistant to unholy torment.
                  | [demonic ancestry]
 79618 | Zot:1    | Reached XP level 25. HP: 198/213 MP: 19/42
 79897 | Zot:1    | Reached skill level 22 in Conjurations
 79980 | Zot:1    | Found a transporter.
 79982 | Zot:1    | Found a shimmering blue altar of Sif Muna.
 80026 | Zot:1    | Noticed a dread lich
 80030 | Zot:1    | Noticed a dread lich
 80056 | Zot:1    | Identified the +0 pair of gloves of Otuwolec {Str+3}
 80075 | Zot:1    | Noticed an orb of fire
 80235 | Zot:1    | Killed an orb of fire
 80235 | Zot:1    | Killed a dread lich
 80247 | Zot:1    | Killed a dread lich
 80499 | Zot:1    | Found a transporter.
 80751 | Orc:2    | Bought a potion of heal wounds for 70 gold pieces
 80751 | Orc:2    | Bought a potion of curing for 42 gold pieces
 80751 | Orc:2    | Bought a potion of brilliance for 56 gold pieces
 80751 | Orc:2    | Bought 2 potions of mutation for 224 gold pieces
 80751 | Orc:2    | Bought a potion of haste for 140 gold pieces
 80751 | Orc:2    | Bought a potion of brilliance for 56 gold pieces
 80997 | Zot:2    | Reached skill level 23 in Conjurations
 81666 | Zot:2    | Found a transporter.
 82572 | Zot:2    | Reached skill level 24 in Conjurations
 82678 | Zot:2    | Identified the +4 scale mail of the Circus Animal {Contam
                  | Harm rN++ SInv}
 82729 | Zot:2    | Found a transporter.
 82729 | Zot:2    | Found the +8 mithril axe "Arga" {speed, Will+}
 83109 | Zot:2    | Noticed an ancient lich
 83110 | Zot:2    | Noticed an orb of fire
 83111 | Zot:2    | Noticed an orb of fire
 83112 | Zot:2    | Noticed a dread lich
 83135 | Zot:2    | Gained mutation: You sometimes lose your temper in combat.
                  | [a cacodemon]
 83149 | Zot:2    | Killed an ancient lich
 83159 | Zot:2    | Killed a dread lich
 83404 | Zot:2    | Killed an orb of fire
 83405 | Zot:2    | Killed an orb of fire
 83474 | Zot:2    | Identified the ring "Sinoittuud" {rElec rCorr Int-3 Dex+2
                  | Stlth+}
 83489 | Zot:2    | Identified the amulet of Xudyputi {Spirit Int+2 Dex+3}
 83585 | Zot:3    | Reached skill level 25 in Conjurations
 84119 | Zot:3    | Gained mutation: You can hurl damnation. [demonic ancestry]
 84119 | Zot:3    | Reached XP level 26. HP: 211/221 MP: 15/42
 84799 | Zot:3    | Identified the +8 short sword of the Flying Visionary
                  | {venom, +Blink}
 85160 | Zot:4    | Noticed an orb of fire
 85163 | Zot:4    | Killed an orb of fire
 85164 | Zot:4    | Reached skill level 26 in Conjurations
 86502 | Zot:5    | Entered Level 5 of the Realm of Zot
 86680 | Zot:5    | Reached skill level 27 in Conjurations
 86820 | Zot:5    | Noticed an orb of fire
 86824 | Zot:5    | Gained mutation: You have hidden genetic defects. [an orb
                  | of fire]
 86881 | Zot:5    | Gained mutation: Potions are less effective at restoring
                  | your health. [an orb of fire]
 86883 | Zot:5    | Killed an orb of fire
 86886 | Zot:4    | Lost mutation: You sometimes lose your temper in combat.
                  | [potion of mutation]
 86886 | Zot:4    | Lost mutation: You have hidden genetic defects. [potion of
                  | mutation]
 86886 | Zot:4    | Lost mutation: Your mind is acute. (Int +4, Str/Dex -1)
                  | [potion of mutation]
 86886 | Zot:4    | Gained mutation: Your muscles are strong. (Str +4, Int/Dex
                  | -1) [potion of mutation]
 86945 | Zot:5    | Noticed a dread lich
 86945 | Zot:5    | Noticed an ancient lich
 86945 | Zot:5    | Noticed an ancient lich
 86947 | Zot:5    | Killed a dread lich
 86948 | Zot:5    | Killed an ancient lich
 86949 | Zot:5    | Killed an ancient lich
 86966 | Zot:5    | Noticed an orb of fire
 86969 | Zot:5    | Killed an orb of fire
 87031 | Zot:5    | Noticed a dread lich
 87039 | Zot:5    | Noticed an orb of fire
 87177 | Zot:5    | Gained mutation: You occasionally shout uncontrollably at
                  | your foes. [an orb of fire]
 87179 | Zot:5    | Killed an orb of fire
 87446 | Zot:5    | Noticed an orb of fire
 87457 | Zot:5    | Killed an orb of fire
 87643 | Zot:5    | Noticed a dread lich
 87646 | Zot:5    | Killed a dread lich
 87647 | Zot:5    | Reached skill level 10 in Evocations
 87692 | Zot:5    | Killed a dread lich
 87785 | Zot:5    | Reached XP level 27. HP: 227/227 MP: 37/42
 88768 | Zot:5    | Got the Orb of Zot
 88999 | D:15     | Reached skill level 15 in Evocations
 89195 | D:4      | Reached skill level 15 in Dodging
 89264 | D:$      | Escaped with the Orb!

Illustrated notes

Levels and vault maps discovered:
D:1:      heliophobic_arrival_battle_scene, layout_basic, fountainhead
D:2:      layout_basic, dreamdust_ecumenical_altar_grove,
          dreamdust_princess_bridge, kennysheep_cluttered_room,
          guppyfry_early_lair_pool
D:3:      layout_basic, fedhas_altar_fruit_tree,
          mainiacjoe_overflow_surrounded_room, kennysheep_generic_room_6
D:4:      cheibrodos_quashed, layout_cave_pools, kiku_gazebo_garden_becter,
          nicolae_overflow_crystal_walls, serial_shops,
          nicolae_shop_behind_doors, kennysheep_orc_chapel, uniq_natasha,
          uniq_grinder, uniq_crazy_yiuf_cottage, uniq_blork_the_orc, uniq_ijyb
D:5:      layout_cave_pools, nicolae_overflow_two_pavilions,
          gup_sewer_entry_spiral
D:6:      minmay_chambers_of_sixes, layout_cave_pods, uniq_edmund, uniq_maggie
D:7:      layout_rooms, minmay_temple_entry_overgrown
D:8:      layout_basic, david_lair_shrubbed, nicolae_diode_basic
D:9:      layout_stronghold, nzn_overflow_gifts_of_might_and_magic,
          mainiacjoe_overflow_24_doors, minitemple,
          chequers_serial_rivers_large_a, minmay_splitting_lines,
          minmay_fractal_squares_diagonal_5, uniq_erica
D:10:     minmay_the_grid_four_pointed_star
          [minmay_the_grid_triangle_9x9_wacky_v,
          minmay_the_grid_triangle_9x9_windchime,
          minmay_the_grid_triangle_9x9_negative_grid,
          minmay_the_grid_triangle_9x9_empty,
          minmay_the_grid_prize_inner_circle], layout_rooms,
          minmay_alternating_orb
D:11:     layout_long_grid
D:12:     lemuel_insect_pit, layout_loops_ring, david_orc_5
D:13:     layout_cave_pools, enter_trove_2, lemuel_freeze_loot_1
D:14:     layout_layer_cave, david_vaults_2, kennysheep_crisscross,
          gauntlet_entry_generic, minivault_19
D:15:     gammafunk_depths_entry_grave, layout_basic, hangedman_decor_slide_cut,
          uniq_roxanne
Temple:   hellmonk_temple_divided_pantheon
Lair:1:   layout_misc_corridors, nicolae_lair_lil_pond, minivault_27,
          serial_bayou_pond_c, serial_bayou_shore_b, grunt_megastairs_5,
          lemuel_fruit_fields, lemuel_fruit_tree
Lair:2:   layout_layer_cave, nicolae_spider_entry_non_spiders,
          chequers_serial_rivers_small_b, serial_bayou_pond_e,
          minmay_shattered_shrine
Lair:3:   layout_roguey, skrybe_swamp_entry_bodies, serial_bayou_shore_a,
          serial_bayou_shore_b, uniq_josephine
Lair:4:   layout_long_grid, slime_entry_1, pdpol_lair_cabin_in_the_woods,
          grunt_megastairs_3
Lair:5:   grunt_lair_end_beastmaster, layout_cellular_growth, enter_volcano_3,
          pdpol_lair_neglected_garden, nicolae_lair_lindhole
Swamp:1:  layout_falls_marsh, nicolae_swamp_oxbows
Swamp:2:  layout_falls_marsh, hangedman_swamp_ruin_wall,
          nicolae_swamp_some_circles, uniq_aizul
Swamp:3:  layout_basic_swamp, nicolae_swamp_treefoil
Swamp:4:  swamp_alternative, layout_basic_swamp, gammafunk_ghost_abyssal_escape,
          nicolae_swamp_godswood, uniq_donald
Spider:1: nicolae_spider_hall_of_the_moth_king
Spider:2: layout_spider_delve, uniq_louise, uniq_arachne
Spider:3: layout_cave_pods, portal_ice_cave_entry_pillars_1,
          hangedman_stitches_earthworm, uniq_kirke, uniq_azrael
Spider:4: hellmonk_spider_rune_endless_swarm, gammafunk_ghost_cemetery
Slime:1:  layout_caves
Slime:2:  layout_caves
Slime:3:  layout_caves
Slime:4:  layout_caves
Slime:5
Orc:1:    layout_caves, serial_shops, nicolae_shop_overgrown_old_shop,
          mines1_david
Orc:2:    st_orc_mages, layout_caves
Elf:1:    layout_loops_cross, serial_shops, shop, minivault_28,
          lemuel_upstairs_altar
Elf:2:    nicolae_elf_blades_crystal_corner, layout_geoelf_grid, serial_shops,
          nicolae_shop_just_a_little_nook, minmay_shoptagon, uniq_agnes
Elf:3:    minmay_elf_hall_x, layout_onion_city
Vaults:1: gammafunk_the_bubble [the_bubble_gammafunk_split],
          nicolae_vaults_oval_intersection, nicolae_vaults_more_shelving_1,
          vaults_room_grunt_arrival_checkpoint,
          nicolae_vaults_taking_the_gang_shopping,
          nicolae_vaults_storage_room_water, v_misc_29,
          nicolae_vaults_tetromino_L_1, nicolae_vaults_tetromino_L_2,
          layout_vaults_chaotic_city, serial_glass
Vaults:2: vaults_mumra_chevron, v_misc_12, nicolae_vaults_circle_grid_a,
          hangedman_vaults_capsules, v_alt_pattern_4,
          ontoclasm_vaults_ring_square, grunt_vaults_hallway_short,
          dpeg_vaults_monster_row, vaults_room_pools,
          nicolae_vaults_specimen_jars, v_misc_14, v_misc_10,
          layout_vaults_big_cross, serial_shops, nicolae_shop_trees
Vaults:3: nicolae_vaults_cochlea, vaults_mumra_chevron_long,
          grunt_vaults_funneled_arena, dpeg_vaults_monster_box,
          minmay_crypt_entry_skeletal_spiral, nicolae_vaults_wrenched,
          v_misc_24, nicolae_vaults_angled_halls, nicolae_vaults_alarming,
          vaults_mumra_minichess_inversion, nicolae_vaults_more_shelving_2,
          nicolae_vaults_network_periphery, vaults_room_pool,
          layout_vaults_omnibox
Vaults:4: nicolae_vaults_double_plus_1, nicolae_vaults_library_corner,
          nicolae_vaults_six-pack, v_misc_12, layout_vaults_omnigrid
Vaults:5: serial_shops
Depths:1: layout_basic, enter_ziggurat_e, nicolae_uskayaw_dance_hall,
          serial_shops, nicolae_shop_back_alley_shop, hell_entry,
          grunt_pan_entry_zigzag, nzn_wu_jian_council_hall, serial_bayou_shore_b
Depths:2: minmay_shoctagon, layout_gridlike, hell_entry, serial_shops,
          shop_statue, grunt_pan_entry_sceptre, abyss_entry_crystal,
          lemuel_round_altar, kennysheep_random_hallway,
          infiniplex_staircase_9_rooms
Depths:3: minmay_triangles_in_corner, layout_gridlike, hell_entry,
          glass_columns_c, hangedman_abyss_entry_splay,
          hangedman_abyss_or_decor_stabs, nicolae_burly_brawl
Depths:4: lemuel_castle_with_subvaults [lemuel_castle_interior_original],
          layout_cave_shapes, nicolae_kite_square_tiling_tiny, pf_coc_iceberg,
          serial_sigils, serial_sigils_hangedman_gnaw,
          serial_sigils_hangedman_carve, serial_sigils_hangedman_etch,
          corexii_hall_statues_i, bh_walls_and_bars, uniq_parghit, uniq_vv
Zot:1:    gammafunk_sealed_library, layout_onion_interference, st_stairs_6,
          lemuel_baited_zot_trap, zot_minivault_2
Zot:2:    gammafunk_dig_for_victory, layout_basic, nicolae_lava_and_water,
          lemuel_baited_zot_trap, grunt_ministairs_8
Zot:3:    layout_gridlike
Zot:4:    kennysheep_room_grid, layout_onion_interference
Zot:5:    layout_basic

Skill      XL: |  1  2  3  4  5  6  7  8  9 10 11 12 13 14 15 16 17 18 19 20 21 22 23 24 25 26 27 |
---------------+----------------------------------------------------------------------------------+-----
Conjurations   | 1 2 4 5 6 7 8 10 14 15 17 18 21 25 27 | 27.0
Spellcasting   | 2 3 5 7 11 12 15 | 15.0
Air Magic      | 3 6 7 17 19 | 19.0
Fighting       | 3 5 7 10 15 | 15.0
Fire Magic     | 6 7 8 10 14 18 21 22 | 22.0
Shields        | 4 5 10 14 15 | 15.4
Armour         | 5 6 10 | 10.0
Dodging        | 5 10 14 15 | 15.0
Staves         | 6 12 | 12.0
Evocations     | 5 12 15 | 15.0
Stealth        | |  2.6
Invocations    | |  1.2

Action                     |  1- 3 |  4- 6 |  7- 9 | 10-12 | 13-15 | 16-18 | 19-21 | 22-24 | 25-27 || total
---------------------------+-------+-------+-------+-------+-------+-------+-------+-------+-------++-------
  Melee: Dagger            |    75 |       |       |       |       |       |       |       |       ||    75
         Tailslap          |     6 |     3 |    10 |    27 |    46 |    38 |    52 |    45 |    23 ||   250
         Short sword       |     6 |    10 |    49 |   180 |   192 |       |       |       |       ||   437
         Staff             |       |       |       |       |    57 |   203 |   222 |   176 |    56 ||   714
         Headbutt          |       |       |       |       |       |       |     7 |       |       ||     7
  Throw: Dart              |     2 |     3 |     7 |    15 |     1 |       |       |       |       ||    28
   Cast: Shock             |    60 |    41 |    91 |    18 |     5 |       |       |       |       ||   215
         Foxfire           |       |    13 |   133 |    25 |       |       |       |       |       ||   171
         Arcjolt           |       |       |     4 |    49 |    21 |       |       |       |       ||    74
         Fireball          |       |       |       |   143 |   180 |   175 |   291 |   130 |    34 ||   953
         Starburst         |       |       |       |     4 |    72 |   181 |   132 |   112 |    23 ||   524
         Plasma Beam       |       |       |       |       |    82 |    79 |    18 |    11 |     3 ||   193
         Orb of Destructio |       |       |       |       |    31 |    69 |   133 |   229 |    98 ||   560
         Irradiate         |       |       |       |       |       |     5 |     3 |       |       ||     8
         Ignition          |       |       |       |       |       |       |    43 |   114 |    20 ||   177
         Chain Lightning   |       |       |       |       |       |       |       |    35 |   200 ||   235
         Conjure Ball Ligh |       |       |       |       |       |       |       |     2 |       ||     2
  Evoke: Wand              |       |     4 |     8 |     6 |     4 |     5 |     7 |     3 |     6 ||    43
         Lightning rod     |       |       |       |       |     7 |     3 |     3 |     2 |     1 ||    16
         Phantom mirror    |       |       |       |       |       |       |       |     1 |       ||     1
         Phial of floods   |       |       |       |       |       |       |       |     1 |     1 ||     2
    Use: Potion            |     1 |       |     2 |     2 |       |    10 |     8 |    22 |     5 ||    50
         Scroll            |     3 |     1 |     2 |    14 |    14 |    18 |     5 |     8 |     6 ||    71
   Stab: Sleeping          |     1 |       |     1 |       |     1 |       |       |       |       ||     3
         Distracted        |       |       |       |       |     1 |       |     1 |     1 |       ||     3
         Petrified         |       |       |       |       |     2 |       |       |       |       ||     2
 Armour: Ring mail         |    34 |       |    18 |       |       |       |       |       |       ||    52
         Leather armour    |     2 |     6 |     3 |       |       |       |       |       |       ||    11
         Steam dragon scal |       |       |    11 |    73 |   112 |     3 |       |       |       ||   199
         Swamp dragon scal |       |       |       |       |       |   160 |   119 |   111 |    46 ||   436
  Dodge: Dodged            |    53 |    10 |    51 |   100 |   154 |   169 |    94 |   109 |    51 ||   791
  Block: Buckler           |       |       |       |    27 |    58 |    52 |       |       |       ||   137
         Reflection        |       |       |       |       |       |    33 |    33 |     8 |       ||    74
         Kite shield       |       |       |       |       |       |   133 |   264 |   193 |    52 ||   642
